 Dungeon Crawl Stone Soup version 0.28.0 (webtiles) character file.

Game seed: 12529086051577508027

116 AmazingTV the Sneak (level 4, -6/23 HPs)
             Began as a Spriggan Brigand on June 24, 2022.
             Killed from afar by an orc wizard (9 damage)
             ... with a puff of flame
             ... on level 3 of the Dungeon.
             The game lasted 00:11:24 (3088 turns).

AmazingTV the Sneak (Spriggan Brigand)              Turns: 3088, Time: 00:11:25

Health: -6/23      AC:  3    Str:  9    XL:     4   Next: 69%
Magic:  14/14      EV: 17    Int: 12    God:
Gold:   122        SH:  0    Dex: 16    Spells: 3/3 levels left

rFire   . . .      SeeInvis +   a - +2 dagger
rCold   . . .      Faith    .   (no shield)
rNeg    . . .      Spirit   .   o - +0 robe
rPois   .          Reflect  .   (helmet restricted)
rElec   .          Harm     .   c - +0 cloak
rCorr   .          Rampage  .   (gloves unavailable)
Will    .....                   (boots unavailable)
Stlth   +++.......              u - amulet of magic regeneration
HPRegen 0.07/turn               g - ring of magical power
MPRegen 0.54/turn               (no ring)

@: very quick
A: very small, no large weapons, unfitting armour, see invisible, speed 3
a: no special abilities


You were on level 3 of the Dungeon.
You visited 1 branch of the dungeon, and saw 3 of its levels.

You collected 122 gold pieces.

Inventory:

Hand Weapons
 a - a +2 dagger (weapon)
 b - a +0 hunting sling
Missiles
 d - a poisoned dart (quivered)
 e - 2 curare-tipped darts
 l - 123 stones
 n - 30 sling bullets
Armour
 c - a +0 cloak (worn)
 o - a +0 robe (worn)
Jewellery
 g - a ring of magical power (left hand)
 u - an amulet of magic regeneration (around neck)
Scrolls
 h - 4 scrolls of teleportation {unknown}
 i - a scroll of identify {unknown}
 m - a scroll of blinking {unknown}
 p - a scroll of enchant armour {unknown}
Potions
 f - 2 potions of curing
 j - a potion of invisibility {unknown}
 k - a potion of degeneration {unknown}
 q - 3 potions of mutation {unknown}
 r - a potion of lignification {unknown}
 s - a potion of attraction {unknown}
 t - 2 potions of haste {unknown}


   Skills:
 + Level 2.3 Fighting
 + Level 3.2 Short Blades
 + Level 2.9 Throwing
 - Level 2.1 Dodging
 + Level 6.8 Stealth


You had 3 spell levels left.
You didn't know any spells.
Your spell library was empty.

Dungeon Overview and Level Annotations

Branches:
Dungeon (3/15)

Altars:
Dithmenos


Innate Abilities, Weirdness & Mutations

You are very small and have problems with some larger weapons.
You are too small for most types of armour.
You have supernaturally acute eyesight. (SInv)
You cover ground extremely quickly. (Speed+++)


Message History

The poisoned dart closely misses the orc wizard.
Throw: 4 darts (poison)
Press: ? - help, Q - select action, (/) - cycle Shift-Dir - straight line, f/p - orc wizard
Aim: an orc wizard, wielding a +0 dagger and wearing a +0 robe (heavily wounded, slightly transparent, 55% to hit)
You throw a poisoned dart.
The poisoned dart barely misses the orc wizard.
Throw: 3 darts (poison)
Press: ? - help, Q - select action, (/) - cycle Shift-Dir - straight line, f/p - orc wizard
Aim: an orc wizard, wielding a +0 dagger and wearing a +0 robe (heavily wounded, slightly transparent, 55% to hit)
You throw a poisoned dart. The poisoned dart hits the orc wizard.
The orc wizard is heavily wounded.
You see here a poisoned dart.
Throw: 2 darts (poison)
Press: ? - help, Q - select action, (/) - cycle Shift-Dir - straight line, f/p - orc wizard
Aim: an orc wizard, wielding a +0 dagger and wearing a +0 robe (heavily wounded, slightly transparent, 55% to hit)
You throw a poisoned dart. The poisoned dart hits the orc wizard.
The orc wizard is poisoned.
The orc wizard is heavily wounded.
You barely miss the orc wizard.
The orc wizard is heavily wounded.
The orc wizard closely misses you.
You see here a poisoned dart.
d - 2 poisoned darts (gained 1) Throw: 2 darts (poison)
Press: ? - help, Q - select action, (/) - cycle Shift-Dir - straight line, f/p - orc wizard
Aim: an orc wizard, wielding a +0 dagger and wearing a +0 robe (severely wounded, slightly transparent, poisoned, 55% to hit)
You throw a poisoned dart.
The poisoned dart closely misses the orc wizard.
The orc wizard hits you but does no damage.
You hit the orc wizard.
The orc wizard is almost dead.
The orc wizard points at you and mumbles some strange words.
The magic dart hits you!
* * * LOW HITPOINT WARNING * * *
You closely miss the orc wizard.
The orc wizard is severely wounded.
The orc wizard looks more healthy.
The orc wizard gestures at you while chanting.
The puff of flame hits you!
You die...

### #.# ######.# #<.....#
###.##.# ###### #@##.#
#....###.##.# ###
#....#((....####.########
#....#(#o...............#
#....#(#.#######.#.######
#....#.....# #.#.#####
#....#(#.#.#####.#.....#
#....#(###.##.##)#.###.#
####
#....#...............#.#


You could see an orc wizard (invisible).

Vanquished Creatures
  An orc priest (D:3)
  3 adders
  A worm (D:2)
  A dart slug (D:3)
  An orc (D:3)
  2 endoplasms
  6 giant cockroaches
  7 goblins
  2 hobgoblins (D:2)
  5 kobolds
  4 quokkas
  4 ball pythons
  5 bats
  2 frilled lizards (D:1)
  6 rats (D:1)
50 creatures vanquished.

Notes
Turn   | Place    | Note
-------+----------+-------------------------------------------
     0 | D:1      | AmazingTV the Spriggan Brigand began the quest for the Orb.
     0 | D:1      | Reached XP level 1. HP: 10/10 MP: 2/2
    85 | D:1      | Reached skill level 6 in Stealth
   208 | D:1      | Reached XP level 2. HP: 15/15 MP: 3/3
   936 | D:1      | Found a faded altar of an unknown god.
  1007 | D:2      | Reached XP level 3. HP: 18/18 MP: 4/4
  1514 | D:2      | Found a shadowy altar of Dithmenos.
  1819 | D:3      | Reached XP level 4. HP: 23/23 MP: 5/5
  3088 | D:3      | Killed from afar by an orc wizard

Illustrated notes

Levels and vault maps discovered:
D:1:      dpeg_arrival_three_same_balls, layout_basic,
          dilly_ecumenical_altar_fadedgnrine, minmay_hexomino_f4
D:2:      layout_basic, basic_altar
D:3:      layout_basic, chequers_garden, minivault_23

Skill      XL: |  1  2  3  4 |
---------------+-------------+-----
Stealth        | 6 |  6.8
Dodging        | 2 |  2.1
Fighting       | 2 |  2.3
Short Blades   | 3 |  3.2
Throwing       | |  2.9

Action                   |  1- 3 |  4- 6 || total
-------------------------+-------+-------++-------
Melee: Dagger            |   115 |    63 ||   178
       Punch             |       |     1 ||     1
Throw: Dart              |       |    20 ||    20
 Stab: Sleeping          |    18 |       ||    18
Armor: Robe              |    12 |     8 ||    20
Dodge: Dodged            |    71 |    32 ||   103
